 Dungeon Crawl Stone Soup version 0.18.1-5-g4a78601 (webtiles) character file.

67 LORDOFBUTT the Skirmisher (level 4, 28/37 HPs)
             Began as a Demonspawn Berserker on May 10, 2016.
             Was a Believer of Trog.
             Quit the game on level 2 of the Dungeon.
             The game lasted 00:01:28 (1362 turns).

LORDOFBUTT the Skirmisher (Demonspawn Berserker)    Turns: 1362, Time: 00:01:29

Health: 28/37      AC:  4    Str: 18    XL:     4   Next: 0%
Magic:  4/4        EV: 12    Int:  8    God:    Trog [**....]
Gold:   88         SH:  0    Dex: 13    Spells: 0 memorised, 3 levels left

rFire  . . .     SeeInvis +     a - +0 hand axe
rCold  . . .     Gourm    .     b - +0 animal skin
rNeg   . . .     Faith    .     (no shield)
rPois  .         Spirit   .     l - +1 helmet
rElec  .         Dismiss  .     (no cloak)
rCorr  .         Reflect  .     (no gloves)
SustAt .         Harm     .     (no boots)
MR     .....                    (no amulet)
Stlth  +.........               (no ring)
                                k - ring of see invisible

@: not resistant to hostile enchantments, very unstealthy
A: hooves 1, sturdy frame 1
a: Berserk, Trog's Hand, Burn Spellbooks, Renounce Religion


You were on level 2 of the Dungeon.
You worshipped Trog.
Trog was pleased with you.
You were not hungry.

You visited 1 branch of the dungeon, and saw 2 of its levels.

You collected 88 gold pieces.

Inventory:

Hand Weapons
 a - a +0 hand axe (weapon)
Armour
 b - a +0 animal skin (worn)
 l - a +1 helmet (worn)
Jewellery
 k - a ring of see invisible (left hand)
Scrolls
 e - a scroll of teleportation {unknown}
 f - 3 scrolls of remove curse
Potions
 d - a potion of heal wounds
Comestibles
 c - 3 bread rations
 g - a slice of pizza
 h - a meat ration
 i - 3 fruits
 j - a beef jerky


   Skills:
 + Level 3.9 Fighting
 + Level 3.1 Axes
 + Level 2.0 Armour
 + Level 2.4 Dodging
 + Level 0.4 Stealth


You had 3 spell levels left.
You didn't know any spells.

Dungeon Overview and Level Annotations

Branches:
Dungeon (2/15)

Altars:
Dithmenos


Innate Abilities, Weirdness & Mutations

You have large cloven feet.
Your movements are slightly less encumbered by armour (ER -2).


Message History

You have reached level 4!
You feel stronger.
Your demonic ancestry asserts itself...
Your feet thicken and deform.
You see here a giant cockroach corpse.
Found a hand axe.
You see here a long sword.
You see here a jackal skeleton.
A kobold comes into view. It is wielding a whip.
The kobold throws a stone.
The stone barely misses you.
Found a stone staircase leading down.
A kobold is nearby!
The kobold throws a stone.
The stone hits you.
You see here a stone.
A rat comes into view.
The kobold throws a stone.
The stone hits you.
You see here a stone.
The kobold throws a stone.
The stone hits you but does no damage.
Quiver which item? (- for none, * to show all) (? for menu, Esc to quit)
Okay, then.
Are you sure you want to abandon this character and quit the game? (Confirm with "yes".)

#.# ...##. #.# #...#.#
#.# .......#### #####.##
r........# ####...÷...
......#.## #.......÷).
#......###.##.###.##
#...............#.##
#..@((.(.......)...#
...>K......######.#.##.#
.#.##......# #.#.....
##.....# #.####.#
......## #.# #.#
...#.#.# ###.# #.#
###.#.#.# ....####..
#.#.... #.......
#.......


You could see a kobold.

Vanquished Creatures
  2 adders (D:2)
  A worm (D:2)
  A dart slug (D:1)
  2 giant geckos (D:2)
  3 bats (D:2)
  3 giant cockroaches
  4 goblins
  5 hobgoblins
  6 jackals (D:2)
  A quokka (D:2)
  2 giant newts (D:2)
  4 kobolds
  3 rats
37 creatures vanquished.

Notes
Turn   | Place    | Note
--------------------------------------------------------------
     0 | D:1      | LORDOFBUTT the Demonspawn Berserker began the quest for the Orb.
     0 | D:1      | Reached XP level 1. HP: 18/18 MP: 1/1
   202 | D:1      | Gained mutation: Your movements are slightly less encumbered by armour (ER -2). [demonic ancestry]
   202 | D:1      | Reached XP level 2. HP: 19/24 MP: 2/2
   824 | D:2      | Reached ** piety under Trog
   880 | D:2      | Reached XP level 3. HP: 26/29 MP: 3/3
   910 | D:2      | Found a shadowy altar of Dithmenos.
  1289 | D:2      | Gained mutation: You have large cloven feet. [demonic ancestry]
  1289 | D:2      | Reached XP level 4. HP: 22/37 MP: 4/4
  1362 | D:2      | Quit the game

Skill      XL: |  1  2 |
---------------+-------+-----
Axes           | 3 |  3.1
Dodging        | 2 |  2.4
Armour         | 2 |  2.0
Fighting       | |  3.9
Stealth        | |  0.4

Action                   |  1- 3 |  4- 6 || total
-------------------------+-------+-------++-------
Melee: Hand axe          |   104 |       ||   104
Invok: Berserk           |     1 |       ||     1
  Use: Scroll            |     3 |       ||     3
       Potion            |     1 |       ||     1
 Stab: Sleeping          |     1 |       ||     1
  Eat: Meat ration       |     1 |       ||     1
Armor: Animal skin       |    25 |       ||    25
Dodge: Dodged            |    71 |     1 ||    72
